 Dungeon Crawl Stone Soup version 0.30-a0-743-gbfdf073431 (webtiles) character file.

Game seed: 2694677224612285027

422 BRD the Shield-Bearer (level 7, 0/82 HPs)
             Began as a Formicid Fighter on Feb 5, 2023.
             Slain by a bullfrog (6 damage)
             ... in a sewer.
             The game lasted 00:08:07 (4065 turns).

BRD the Shield-Bearer (Formicid Fighter)            Turns: 4065, Time: 00:08:08

Health: 0/82       AC: 23    Str: 23    XL:     7   Next: 17%
Magic:  7/7        EV: -1    Int:  7    God:
Gold:   180        SH:  5    Dex: 13    Spells: 6/6 levels left

rFire   . . .      SeeInvis .    a - +0 flail
rCold   . . .      Faith    .    c - +0 buckler
rNeg    . . .      Spirit   .    (body armour currently unavailable)
rPois   +          Reflect  .    (helmet unavailable)
rElec   .          Harm     .    (cloak currently unavailable)
rCorr   .          Rampage  .    (gloves currently unavailable)
Will    .....                    (boots currently unavailable)
Stlth   +                        (no amulet)
HPRegen 0.33/turn                (no ring)
MPRegen 0.10/turn                (no ring)

@: mighty, tree-form, constricted
A: stationary, stasis, torment immunity, boosted hp, permanent stasis, dig
shafts and tunnels, (antennae 3), four strong arms
a: no special abilities


You were in a sewer.
You were a tree.
You visited 1 branch of the dungeon, and saw 4 of its levels.
You also visited: Sewer.

You collected 180 gold pieces.

Inventory:

Hand Weapons
 a - a +0 flail (weapon)
Missiles
 b - 5 curare-tipped darts (quivered)
 n - 2 throwing nets
Armour
 c - a +0 buckler (worn)
 h - a +0 plate armour (melded)
Scrolls
 e - 3 scrolls of identify {unknown}
 f - a scroll of amnesia {unknown}
 g - a scroll of blinking {unknown}
 j - 2 scrolls of torment {unknown}
 k - 2 scrolls of teleportation {unknown}
 l - 2 scrolls of brand weapon {unknown}
 m - a scroll of fear {unknown}
 o - 2 scrolls of poison {unknown}
 q - 2 scrolls of magic mapping {unknown}
Potions
 d - a potion of brilliance {unknown}
 i - a potion of lignification
 s - a potion of heal wounds {unknown}


   Skills:
 + Level 4.8 Fighting
 * Level 5.0 Maces & Flails
 + Level 4.8 Armour
 - Level 5.0 Shields


You had 6 spell levels left.
You didn't know any spells.
Your spell library contained the following spells:

 Spells                   Type           Power      Damage    Failure   Level
 Apportation              Tloc           0%         N/A       50%         1
 Necrotise                Necr           0%         1d4       50%         1
 Summon Small Mammal      Summ           0%         N/A       50%         1
 Static Discharge         Conj/Air       0%         2-2/arc   63%         2
 Gell's Gravitas          Tloc           0%         N/A       86%         3
 Teleport Other           Tloc           0%         N/A       86%         3
 Vhi's Electric Charge    Tloc/Air       0%         N/A       86%         3
 Arcjolt                  Conj/Air       0%         1d10      100%        5
 Lightning Bolt           Conj/Air       0%         1d11      100%        5
 Dispersal                Tloc           0%         N/A       100%        6


Dungeon Overview and Level Annotations

Branches:
Dungeon (4/15)              Sewer (1/1)
 Temple: D:4-7

Altars:
Uskayaw


Innate Abilities, Weirdness & Mutations

You are a tree.
Your roots penetrate the ground, keeping you stationary.
You cannot be teleported.
You are immune to unholy pain and torment.
Your maximum health is greatly increased.
Your equipment is partially melded.
You cannot be hasted, slowed, berserked, paralysed or teleported.
You can dig through walls and to a lower floor.
((You have a pair of large antennae on your head. (SInv)))
Your four strong arms can wield two-handed weapons with a shield.


Message History

You hit the bullfrog.
The bullfrog is moderately wounded.
The bullfrog hits you but does no damage.
The ball python bites you but does no damage.
The ball python constricts you. The frilled lizard bites you.
The bullfrog hits you.
* * * LOW HITPOINT WARNING * * *
You block the ball python's attack. The ball python constricts you.
The frilled lizard bites you but does no damage.
You closely miss the bullfrog.
The bullfrog is moderately wounded.
The bullfrog hits you but does no damage.
The ball python bites you but does no damage.
The ball python constricts you.
* * * LOW HITPOINT WARNING * * *
The bullfrog hits you.
* * * LOW HITPOINT WARNING * * *
The frilled lizard bites you but does no damage.
You barely miss the bullfrog.
The bullfrog is moderately wounded.
The bullfrog hits you!
* * * LOW HITPOINT WARNING * * *
The ball python bites you.
* * * LOW HITPOINT WARNING * * *
The ball python constricts you.
The frilled lizard bites you but does no damage.
The bullfrog hits you but does no damage.
Really quaff the potion of lignification?
You turn into a tree.
Your +0 plate armour melds into your body.
Your roots penetrate the ground.
The ball python bites you but does no damage.
The ball python constricts you. The bullfrog hits you.
* * * LOW HITPOINT WARNING * * *
The adder bites you but does no damage.
The frilled lizard bites you but does no damage.
The ball python bites you but does no damage.
The ball python constricts you.
It was a potion of flight.
Your roots keep you in place.
The bullfrog hits you.
You die...

≈~≈~≈#
#####≈≈~~≈≈#
≈~≈~≈#
#≈≈~~≈≈#
≈≈~~~#
#≈~~~≈≈#
≈≈~~~#
#≈≈~~≈≈#
≈≈≈~~#
#≈~≈~~≈#
~~††≈#
#≈≈≈~≈≈#
..(†≈#
#≈≈~≈~≈#
~.~.≈#
#≈≈≈S.~#
~~≈≈≈#
#≈≈≈S♣≈#
≈~~≈≈#
#≈≈~#lF#
~~≈≈≈#
#≈~~~#S#
≈≈~~≈# #≈~~~
≈# ≈≈≈~≈#
#≈~~~ ≈#
≈≈~~≈# #~≈~~
≈# ~~≈~≈#
#≈≈#~ ~#
.~~.## #.~.~
## .....#
#....


You could see a bullfrog, 2 adders, a ball python and a frilled lizard.

Vanquished Creatures
  A bullfrog (Sewer)
  A scorpion (D:3)
  Robin (D:3)
  4 gnolls (D:3)
  9 adders
  4 river rats (Sewer)
  An ufetubus (D:3)
  3 worms (D:3)
  A dart slug (D:1)
  5 orcs (D:3)
  2 endoplasms
  3 giant cockroaches
  12 goblins
  10 hobgoblins
  7 jackals
  5 quokkas
  15 ball pythons
  5 bats
  5 frilled lizards
  3 kobolds (D:1)
  27 rats
124 creatures vanquished.

Notes
Turn   | Place    | Note
-------+----------+-------------------------------------------
     0 | D:1      | BRD the Formicid Fighter began the quest for the Orb.
     0 | D:1      | Reached XP level 1. HP: 18/18 MP: 1/1
   119 | D:1      | Reached XP level 2. HP: 24/24 MP: 2/2
   318 | D:1      | Reached XP level 3. HP: 29/29 MP: 3/3
  1809 | D:2      | Reached XP level 4. HP: 37/37 MP: 4/4
  2194 | D:3      | Found a hide-covered altar of Uskayaw.
  2210 | D:3      | Noticed a scorpion
  2216 | D:3      | Killed a scorpion
  2217 | D:3      | Reached skill level 5 in Shields
  2217 | D:3      | Reached XP level 5. HP: 21/42 MP: 5/5
  2386 | D:3      | Reached XP level 6. HP: 45/48 MP: 6/6
  2992 | D:3      | Noticed Robin
  3026 | D:3      | Killed Robin
  3415 | D:4      | Identified the +3 spear of the Histrionic God {drain,
                  | Will++ Str-2 Int+4}
  3513 | D:4      | Found a glowing drain.
  3522 | Sewer    | Entered a sewer
  4061 | Sewer    | Reached skill level 5 in Maces & Flails
  4061 | Sewer    | Reached XP level 7. HP: 22/55 MP: 7/7
  4065 | Sewer    | Slain by a bullfrog

Illustrated notes

Levels and vault maps discovered:
D:1:      psy_arrival_radial02, layout_basic
D:2:      layout_basic
D:3:      layout_basic, eat_drink_and_be_merry_uskayaw, uniq_robin
D:4:      layout_loops_ring, mainiacjoe_overflow_small_starburst,
          cheibrodos_sewer_entry_bend, minmay_ogre_servants
Sewer:    sewer_minmay_w

Skill      XL: |  1  2  3  4  5  6 |
---------------+-------------------+-----
Maces & Flails | 3 5 |  5.0
Fighting       | 4 |  4.8
Armour         | 4 |  4.8
Shields        | 5 |  5.0

Action                     |  1- 3 |  4- 6 |  7- 9 || total
---------------------------+-------+-------+-------++-------
  Melee: Flail             |   111 |   240 |     3 ||   354
    Use: Potion            |       |     3 |     2 ||     5
 Armour: Scale mail        |    38 |       |       ||    38
         Plate armour      |    11 |   239 |     8 ||   258
         Skin              |       |    20 |     4 ||    24
  Dodge: Dodged            |    58 |    95 |       ||   153
  Block: Buckler           |    21 |   108 |     1 ||   130

Table legend: (Time is in decaauts)
 A = Elapsed time spent in this place.
 B = Non-inter-level travel time spent in this place.
 C = Inter-level travel time spent in this place.
 D = Time resting spent in this place.
 E = Time spent auto-exploring this place.
 F = Levels seen in this place.
 G = Mean time per level.
                   A        B        C        D        E       F      G
               +--------+--------+--------+--------+--------+-----+--------+
         Total |   4223 |   4057 |    166 |    816 |   2312 |   5 |  844.6 |
       Dungeon |   3592 |   3426 |    166 |    644 |   2156 |   4 |  898.0 |
         Sewer |    631 |    631 |      0 |    172 |    156 |   1 |  631.0 |
               +--------+--------+--------+--------+--------+-----+--------+

Top non-repeatable levels by time:
     D:1: 1727 daAuts
     D:3: 1243 daAuts
   Sewer: 631 daAuts
     D:2: 507 daAuts
     D:4: 114 daAuts
